 Dungeon Crawl Stone Soup version 0.28-a0-1447-ga5a8893891 (webtiles) character file.

Game seed: 8800992096752569325

31458 Shayle the Nimble (level 13, -10/98 HPs)
             Began as a Djinni Air Elementalist on Jan 10, 2022.
             Was an Elder of Makhleb.
             Killed from afar by a frost giant (16 damage)
             ... with a bolt of cold
             ... in an ice cave on Jan 11, 2022.
             The game lasted 01:14:12 (13731 turns).

Shayle the Nimble (Djinni Air Elementalist)        Turns: 13731, Time: 01:14:12

Health: -10/98     AC:  9    Str:  7    XL:     13   Next: 96%
Gold:   506        EV: 17    Int: 21    God:    Makhleb [****..] SH:  0 Dex: 15

rFire   + + +      SeeInvis .   H - +3 rapier (drain)
rCold   + . .      Faith    .   (no shield)
rNeg    . . .      Spirit   .   L - +0 troll leather armour
rPois   ∞          Reflect  .   D - +0 helmet
rElec   +          Harm     .   (no cloak)
rCorr   +          Rampage  .   (no gloves)
Will    +....                   (boots unavailable)
Stlth   +++.......              E - amulet of regeneration
HPRegen 1.86/turn               c - ring of protection from cold
MPRegen 0.00/turn               o - +4 ring of protection

@: resistant, flying
A: sickness immunity, fire resistance 2, cold vulnerability 1, float, innate
caster, hp casting, extra vitality 1
a: Renounce Religion, Minor Destruction, Lesser Servant of Makhleb, Major
Destruction


You were in an ice cave.
You worshipped Makhleb.
Makhleb was greatly pleased with you.
You visited 3 branches of the dungeon, and saw 14 of its levels.
You also visited: Ossuary and Ice Cave.

You collected 596 gold pieces.
You spent 90 gold pieces at shops.

Inventory:

Hand Weapons
 f - a +0 dagger of speed
 m - a +2 dagger of venom
 H - a +3 rapier of draining (weapon)
 I - the +3 dagger "Amoptul" {drain, rF+ rC+ Str+3 Int-5}
   (You found it on level 7 of the Dungeon)

   A truly terrible weapon, it drains the life of any living foe it strikes.
   Str:       It affects your strength (+3).
   Int:       It affects your intelligence (-5).
   rF:        It protects you from fire.
   rC:        It protects you from cold.
Missiles
 b - 2 curare-tipped darts
 K - a throwing net
Armour
 a - a +0 robe
 D - a +0 helmet (worn)
 G - +0 steam dragon scales
 L - a +0 troll leather armour (worn)
Jewellery
 c - a ring of protection from cold (left hand)
 o - a +4 ring of protection (right hand)
 q - a ring of fire
 t - a +4 ring of protection
 x - an amulet of reflection
 A - a ring of positive energy
 C - a ring of resist corrosion
 E - an amulet of regeneration (around neck)
 F - a +4 ring of evasion
 N - a ring of protection from cold
 P - a ring of protection from fire
Wands
 u - a wand of acid (16)
 w - a wand of charming (3)
 B - a wand of paralysis (5)
 J - a wand of iceblast (1)
Scrolls
 d - 2 scrolls of fog
 e - a scroll of magic mapping
 g - 4 scrolls of immolation
 j - 7 scrolls of teleportation
 l - 5 scrolls of amnesia
 n - a scroll of identify
 y - 3 scrolls of silence
 Q - a scroll of blinking {unknown}
Potions
 h - 2 potions of cancellation
 i - 2 potions of attraction
 k - 4 potions of mutation
 p - 4 potions of flight
 r - 4 potions of might
 s - a potion of berserk rage {unknown}
 v - 3 potions of haste
 z - a potion of resistance
 M - a potion of curing
 O - a potion of degeneration {unknown}


   Skills:
 + Level 10.9 Fighting
 + Level 12.1 Dodging
 - Level 7.5 Stealth
 + Level 8.9 Spellcasting
 + Level 10.7 Invocations


You had one spell level left.
You knew the following spells:

 Your Spells              Type           Power      Damage    Failure   Level
a - Shock                 Conj/Air       100%       1d9       1%          1
b - Static Discharge      Conj/Air       46%        N/A       1%          2
c - Swiftness             Air            46%        N/A       1%          3
d - Airstrike             Air            23%        N/A       2%          4
e - Foxfire               Conj/Fire      100%       2x1d9     1%          1
f - Corpse Rot            Necr/Air       92%        N/A       1%          2
g - Ensorcelled Hibernat  Hex/Ice        92%        N/A       1%          2
h - Stone Arrow           Conj/Erth      92%        3d12      1%          3
i - Blade Hands           Tmut           23%        N/A       8%          5
j - Metabolic Englaciati  Hex/Ice        23%        N/A       8%          5
Your spell library was empty.

Dungeon Overview and Level Annotations

Branches:
Dungeon (9/15)             Temple (1/1) D:7            Lair (4/6) D:9
 Shoals (0/4) Lair:4       Spider (0/4) Lair:3      Ossuary (visited)
  IceCv (1/1)
    Orc: D:9-12

Altars:
Ashenzari
Gozag
Makhleb
Trog
Vehumet
Wu Jian
The Shining One

Shops:
D:2 *:=*

Annotations:
D:4 3 runed translucent doors, derath95's ghost, novice DrEE
Lair:1 2 transporters, horus123's ghost, journeyman DECj


Innate Abilities, Weirdness & Mutations

You are immune to sickness and miasma.
You are immune to poison.
Your flesh is very heat resistant. (rF++)
You are vulnerable to cold. (rC-)
You float through the air rather than walking.
You learn spells naturally, not from books.
Your magical power is your life essence.
You have superior vitality. (+4 MHP)


Message History

Aim: a frost giant, wielding a +2 battleaxe of freezing (lightly wounded, chance to affect: 7%)
Okay, then.
Aiming: Paralyse
Press: ? - help, Shift-Dir - straight line, f/p - frost giant
Aim: a frost giant, wielding a +2 battleaxe of freezing (lightly wounded, chance to affect: 7%)
Okay, then.
Unknown command.
Okay, then.
A demon appears!
The frost giant hits you with a +2 battleaxe of freezing!
* * * LOW HITPOINT WARNING * * *
The frost giant closely misses your neqoxec.
Unknown command.
You feel better. The frost giant casts a spell at you.
The bolt of cold misses you.
Your neqoxec hits the frost giant but does no damage.
You feel better. The frost giant misses you.
The frost giant hits your neqoxec with a +2 battleaxe of freezing!
The frost giant freezes your neqoxec!
Your neqoxec hits the frost giant!
Aiming: Corrosive Bolt
Press: ? - help, Shift-Dir - straight line, f/p - frost giant
Aim: a frost giant, wielding a +2 battleaxe of freezing (lightly wounded, ally target, 98% to hit)
The bolt of acid hits the frost giant!
The acid corrodes the frost giant!
The frost giant is moderately wounded.
The yak gores your neqoxec!
Your neqoxec dies!
Your neqoxec disappears in a puff of smoke!
The frost giant gestures at you while chanting.
The bolt of cold hits you! You resist.
* * * LOW HITPOINT WARNING * * *
As you read the scroll of fog, it crumbles to dust.
The scroll dissolves into smoke.
The frost giant hits you with a +2 battleaxe of freezing!
* * * LOW HITPOINT WARNING * * *
Okay, then.
Okay, then.
The frost giant casts a spell at you. The bolt of cold hits you! You resist.
You die...

#.####... #.# ##.† ## ##. #..
####### ##.. #...... #Yh..
####### ..Ck. ###### ###.†
..h... ###YC§§### ####....
...h..####..§#§@§.#######....###
#...#....####§§...#....#####.
#...#### ####......## ##.# #####
######## ##.## #.## ###


You could see a frost giant (corroded).

Vanquished Creatures
  Erica (D:8)
  3 death yaks
  A two-headed ogre (D:9)
  Sonja (Lair:1)
  A wizard (D:8)
  An orc sorcerer (D:8)
  5 elephants
  9 cane toads
  5 rime drakes
  A tengu conjurer (D:8)
  3 komodo dragons
  2 trolls
  A polar bear (Lair:3)
  A tarantella (Lair:3)
  9 blink frogs
  21 yaks
  A vampire (D:9)
  A wraith (Ossuary)
  6 wyverns
  7 steam dragons
  5 water moccasins
  2 ice beasts (D:7)
  2 orc warriors
  A sky beast (D:7)
  2 ogres
  16 wolves
  3 centaurs (D:9)
  2 kobold brigands
  10 bullfrogs
  3 scorpions
  2 water moccasin zombies
  A water moccasin skeleton (D:7)
  8 killer bees
  7 wights
  3 howler monkeys
  3 centaur zombies
  A human zombie (Ossuary)
  An orc priest (D:7)
  3 hounds
  2 centaur skeletons
  3 iguanas
  4 orc wizards
  2 killer bee zombies
  3 mummies (Ossuary)
  2 howler monkey zombies
  11 gnolls
  8 adders
  8 river rats (D:7)
  A shadow imp (D:7)
  12 white imps (Lair:4)
  An ufetubus (D:7)
  2 worms
  A dart slug (D:4)
  16 orcs
  3 bats
  5 endoplasms
  3 giant cockroaches
  A gnoll zombie (Ossuary)
  5 goblins
  8 hobgoblins
  5 jackals
  9 kobolds
  9 quokkas
  6 ball pythons
  3 goblin zombies (Ossuary)
  3 hobgoblin zombies (Ossuary)
  6 kobold zombies (Ossuary)
  14 rats (D:7)
311 creatures vanquished.

Vanquished Creatures (collateral kills)
  A hydra (Lair:3)
  4 death yaks (IceCv)
  3 elephants
  An ice statue (IceCv)
  2 rime drakes (IceCv)
  3 polar bears (IceCv)
  5 yaks (IceCv)
  18 wolves
  A bullfrog (Lair:3)
38 creatures vanquished.

Vanquished Creatures (others)
  A wolf (IceCv)
  207 foxfires
  71 fungi
  87 plants
366 creatures vanquished.

Grand Total: 715 creatures vanquished

Notes
Turn   | Place    | Note
-------+----------+-------------------------------------------
     0 | D:1      | Shayle the Djinni Air Elementalist began the quest for the
                  | Orb.
     0 | D:1      | Reached XP level 1. HP: 15/15 MP: 0/0
   330 | D:1      | Reached XP level 2. HP: 14/22 MP: 0/0
  1151 | D:2      | Reached skill level 1 in Fighting
  1151 | D:2      | Reached XP level 3. HP: 22/27 MP: 0/0
  1151 | D:2      | Learned a level 1 spell: Foxfire
  1203 | D:2      | Found Hisiol's General Store.
  1227 | D:2      | Bought a scroll of teleportation for 30 gold pieces
  1229 | D:2      | Found Omixkun's Jewellery Shop.
  1252 | D:2      | Found Mismopi's Assorted Antiques.
  1258 | D:2      | Bought a scroll labelled AKAPEA MAOFUU for 30 gold pieces
  1258 | D:2      | Bought a scroll labelled TURPHI ADOIKY for 30 gold pieces
  1704 | D:2      | Found Gannusik's Book Boutique.
  2303 | D:3      | Found a faded altar of an unknown god.
  2326 | D:3      | Reached skill level 3 in Dodging
  2326 | D:3      | Reached XP level 4. HP: 29/32 MP: 0/0
  2420 | D:3      | Found an opulent altar of Gozag.
  3316 | D:4      | Found a burning altar of Makhleb.
  3323 | D:4      | Reached XP level 5. HP: 33/38 MP: 0/0
  3323 | D:4      | Learned a level 2 spell: Corpse Rot
  3377 | D:4      | Became a worshipper of Makhleb the Destroyer
  4068 | D:4      | Found a runed translucent gate.
  4068 | D:4      | Found a runed translucent gate.
  4069 | D:4      | Found a runed translucent gate.
  4069 | D:4      | Found an opulent altar of Gozag.
  4069 | D:4      | Noticed an acid dragon
  4072 | D:4      | Noticed derath95's ghost (novice DrEE)
  4109 | D:5      | Entered Level 5 of the Dungeon
  4243 | D:5      | Reached XP level 6. HP: 42/43 MP: 0/0
  4249 | D:5      | Reached skill level 1 in Invocations
  4496 | D:5      | Reached skill level 4 in Dodging
  4646 | D:5      | Reached XP level 7. HP: 46/49 MP: 0/0
  4646 | D:5      | Learned a level 2 spell: Ensorcelled Hibernation
  5587 | D:6      | Reached XP level 8. HP: 24/56 MP: 0/0
  5690 | D:6      | Found a sand-covered staircase.
  5695 | Ossuary  | Entered an ossuary
  5695 | Ossuary  | Noticed a wraith
  5695 | Ossuary  | Noticed a wraith
  5695 | Ossuary  | Noticed a wraith
  5879 | Ossuary  | Reached * piety under Makhleb
  6449 | Ossuary  | Noticed a wraith
  6461 | Ossuary  | Killed a wraith
  6462 | Ossuary  | Reached skill level 5 in Dodging
  7412 | D:6      | Found a bloodstained altar of Trog.
  7772 | D:7      | Reached XP level 9. HP: 63/63 MP: 0/0
  7772 | D:7      | Learned a level 3 spell: Stone Arrow
  7882 | D:7      | Found a staircase to the Ecumenical Temple.
  7888 | D:7      | Reached ** piety under Makhleb
  7892 | Temple   | Entered the Ecumenical Temple
  8238 | D:7      | Reached skill level 5 in Fighting
  8238 | D:7      | Reached skill level 6 in Dodging
  8238 | D:7      | Reached skill level 5 in Stealth
  8541 | D:7      | Reached skill level 5 in Spellcasting
  8556 | D:7      | Reached skill level 5 in Invocations
  8647 | D:7      | Reached *** piety under Makhleb
  8702 | D:7      | Reached XP level 10. HP: 62/72 MP: 0/0
  8744 | D:7      | Identified the +3 dagger "Amoptul" {drain, rF+ rC+ Str+3
                  | Int-5}
  8823 | D:8      | Found a broken altar of Ashenzari.
  8936 | D:8      | Reached skill level 7 in Dodging
  9084 | D:8      | Noticed a wizard
  9085 | D:8      | Noticed an orc sorcerer
  9126 | D:8      | Killed a wizard
  9224 | D:8      | Noticed Erica
  9528 | D:8      | Found an ornate altar of the Wu Jian Council.
  9575 | D:8      | Killed Erica
  9576 | D:8      | Reached skill level 8 in Dodging
  9576 | D:8      | Reached XP level 11. HP: 78/78 MP: 0/0
  9576 | D:8      | Learned a level 5 spell: Blade Hands
  9580 | D:8      | Killed an orc sorcerer
  9834 | D:9      | Found a glowing golden altar of the Shining One.
  9839 | D:9      | Reached **** piety under Makhleb
  9876 | D:9      | Noticed a two-headed ogre
  9893 | D:9      | Killed a two-headed ogre
 10655 | D:9      | Reached skill level 9 in Dodging
 10670 | D:9      | Found a staircase to the Lair.
 10740 | Lair:1   | Entered Level 1 of the Lair of Beasts
 10881 | Lair:1   | Found a transporter.
 10887 | Lair:1   | Noticed horus123's ghost (journeyman DECj)
 10896 | Lair:1   | Found a transporter.
 10961 | Lair:1   | Noticed Sonja
 10966 | Lair:1   | Killed Sonja
 11179 | Lair:1   | Reached XP level 12. HP: 87/87 MP: 0/0
 11822 | Lair:2   | Reached skill level 10 in Dodging
 11964 | Lair:2   | You are sucked into a shaft and drop 1 floor!
 12079 | Lair:3   | Found a hole to the Spider Nest.
 12543 | Lair:3   | Reached ***** piety under Makhleb
 12627 | Lair:2   | Noticed a seven-headed hydra
 12641 | Lair:3   | Killed a seven-headed hydra
 12643 | Lair:3   | Reached XP level 13. HP: 34/94 MP: 0/0
 12643 | Lair:3   | Learned a level 5 spell: Metabolic Englaciation
 13060 | Lair:4   | Reached skill level 11 in Dodging
 13101 | Lair:4   | Reached skill level 10 in Fighting
 13259 | Lair:4   | Reached skill level 10 in Invocations
 13378 | Lair:4   | Found a frozen archway.
 13387 | IceCv    | Entered an ice cave
 13579 | IceCv    | Reached skill level 12 in Dodging
 13686 | IceCv    | Noticed a frost giant
 13730 | IceCv    | HP: 4/98 [frost giant (15)]
 13731 | IceCv    | Killed from afar by a frost giant

Illustrated notes

Levels and vault maps discovered:
D:1:      shiori_shiawase, layout_rooms
D:2:      layout_basic, serial_shops, shop, nicolae_diamond_shop,
          nicolae_shop_hallway_plus, nicolae_shop_crystal, roderic_lattice_a
D:3:      layout_loops_cross, mainiacjoe_overflow_paths,
          ebering_ecumenical_altar_sacrificial
D:4:      layout_basic, kennysheep_mini, ebering_ghost_gozag
D:5:      layout_basic
D:6:      layout_rooms, grunt_temple_overflow_open, nicolae_ossuary_entry_ruins
D:7:      lemuel_ratsnest, layout_loops_ring, minmay_temple_entry_trees,
          hangedman_minor_gate_pass, uniq_joseph
D:8:      cheibrodos_wizards_tower, layout_cave_pools,
          mainiacjoe_overflow_concentric_impassable,
          mainiacjoe_overflow_surrounded_room, minivault_11, uniq_erica
D:9:      layout_basic, kennysheep_little_box, erik_lair_dragon,
          nzn_life_drinkers
Temple:   regret_index_temple_generic_petals
Lair:1:   layout_cave_pods, gammafunk_ghost_arena, uniq_sonja
Lair:2:   mu_elephants_graveyard, layout_long_grid, serial_bayou_shore_a
Lair:3:   layout_regular_city, spider_nest_entry_rubble,
          grunt_forest_large_clearings, lemuel_fruit_tree
Lair:4:   layout_cave_shapes, elwin_shoals_entry_stream,
          portal_ice_cave_entry_imps, beast_lair_carwin_11, grunt_megastairs_4
IceCv:    ice_cave_small_giant

Skill      XL: |  1  2  3  4  5  6  7  8  9 10 11 12 13 |
---------------+----------------------------------------+-----
Fighting       | 1 2 3 4 5 6 8 9 10 | 10.9
Stealth        | 2 3 4 5 6 7 |  7.5
Dodging        | 3 4 5 6 8 9 10 12 | 12.1
Spellcasting   | 3 4 5 6 7 8 |  8.9
Invocations    | 1 2 3 5 6 7 9 10 | 10.7

Action                   |  1- 3 |  4- 6 |  7- 9 | 10-12 | 13-15 || total
-------------------------+-------+-------+-------+-------+-------++-------
Melee: Unarmed           |     1 |       |       |    52 |    34 ||    87
       Dagger            |       |    45 |    84 |       |       ||   129
       Punch             |       |     1 |     2 |     3 |     3 ||     9
       Rapier            |       |       |    91 |   154 |   141 ||   386
 Cast: Shock             |    43 |     3 |     5 |     1 |       ||    52
       Static Discharge  |     2 |     4 |       |     1 |       ||     7
       Foxfire           |    21 |    34 |    62 |     5 |       ||   122
       Airstrike         |       |       |    17 |   146 |    27 ||   190
       Swiftness         |       |       |     1 |       |       ||     1
       Stone Arrow       |       |       |    38 |    76 |    42 ||   156
       Ensorcelled Hiber |       |       |     2 |     1 |       ||     3
       Corpse Rot        |       |       |     2 |       |       ||     2
       Blade Hands       |       |       |       |     3 |     2 ||     5
       Metabolic Englaci |       |       |       |       |     6 ||     6
Invok: Lesser Servant of |       |       |       |     3 |    10 ||    13
       Greater Servant o |       |       |       |       |     2 ||     2
       Major Destruction |       |       |       |       |     1 ||     1
Evoke: Wand              |       |       |    14 |     7 |     1 ||    22
  Use: Scroll            |       |     3 |     1 |    20 |     3 ||    27
       Potion            |       |       |     3 |     4 |     5 ||    12
 Stab: Sleeping          |       |     3 |     2 |     1 |       ||     6
       Distracted        |       |       |     1 |     1 |     1 ||     3
       Confused          |       |       |       |       |     1 ||     1
Armor: Robe              |     5 |    14 |    52 |     4 |       ||    75
       Troll leather arm |       |       |       |   108 |    76 ||   184
Dodge: Dodged            |    15 |    50 |   140 |   300 |   249 ||   754

Table legend: (Time is in decaauts)
 A = Elapsed time spent in this place.
 B = Non-inter-level travel time spent in this place.
 C = Inter-level travel time spent in this place.
 D = Time resting spent in this place.
 E = Time spent auto-exploring this place.
 F = Levels seen in this place.
 G = Mean time per level.
                   A        B        C        D        E       F      G
               +--------+--------+--------+--------+--------+-----+--------+
         Total |  13893 |  13504 |    389 |   2442 |   6924 |  16 |  868.3 |
       Dungeon |   9221 |   8868 |    353 |   1238 |   5536 |   9 | 1024.6 |
        Temple |      1 |      1 |      0 |      0 |      0 |   1 |    1.0 |
          Lair |   2688 |   2652 |     36 |    196 |   1354 |   4 |  672.0 |
       Ossuary |   1627 |   1627 |      0 |   1005 |     34 |   1 | 1627.0 |
      Ice Cave |    355 |    355 |      0 |      3 |      0 |   1 |  355.0 |
               +--------+--------+--------+--------+--------+-----+--------+

Top non-repeatable levels by time:
 Ossuary: 1627 daAuts
     D:7: 1151 daAuts
     D:5: 1148 daAuts
     D:2: 1113 daAuts
     D:9: 1111 daAuts
     D:3: 1088 daAuts
  Lair:3: 1027 daAuts
     D:1: 959 daAuts
     D:4: 946 daAuts
  Lair:1: 915 daAuts
     D:6: 900 daAuts
     D:8: 802 daAuts
  Lair:4: 412 daAuts
   IceCv: 355 daAuts
  Lair:2: 333 daAuts
